 Dungeon Crawl Stone Soup version 0.26.0-45-g9c1d065592 (webtiles) character file.

Game seed: 7543096951500875951

9732 pokeman the Thaumaturge (level 11, -19/61 HPs)
             Began as a Deep Elf Hedge Wizard on Jan 31, 2021.
             Was a Believer of Vehumet.
             Hit by a large rock thrown by a cyclops (45 damage)
             ... on level 11 of the Dungeon.
             The game lasted 00:36:41 (13902 turns).

pokeman the Thaumaturge (Deep Elf Hedge Wizard)    Turns: 13902, Time: 00:36:42

Health: -19/61     AC:  9    Str:  7    XL:     11   Next: 26%
Magic:  40/40      EV: 12    Int: 23    God:    Vehumet [**....]
Gold:   528        SH:  0    Dex: 12    Spells: 26/39 levels left

rFire    . . .     SeeInvis .   z - +2 trident (venom)
rCold    . . .     Faith    .   (no shield)
rNeg     . . .     Spirit   .   P - +0 troll leather armour
rPois    +         Reflect  .   c - +0 hat
rElec    +         Harm     .   t - +2 cloak
rCorr    .         Rampage  .   m - +0 pair of gloves
Will     +....                  j - +0 pair of boots (curse)
Stlth    ++........             L - amulet of magic regeneration
HPRegen  0.60/turn              B - ring of magical power
MPRegen  0.52/turn              Q - ring "Mytejollo" {Wiz +Fly rElec rPois Dex-2}

@: no status effects
A: no striking features
a: Renounce Religion, Evoke Flight


You were on level 11 of the Dungeon.
You worshipped Vehumet.
Vehumet was pleased with you.
You visited 2 branches of the dungeon, and saw 12 of its levels.

You collected 591 gold pieces.
You spent 63 gold pieces at shops.

Inventory:

Hand Weapons
 s - a +3 quarterstaff of chaos
 z - a +2 trident of venom (weapon)
 C - a +0 shortbow
Missiles
 o - 174 arrows
 O - 16 bolts
Armour
 c - a +0 hat (worn)
 j - a cursed +0 pair of boots (worn)
 m - a +0 pair of gloves (worn)
 t - a +2 cloak (worn)
 M - a +0 buckler
 P - a +0 troll leather armour (worn)
Jewellery
 e - an uncursed amulet of the acrobat
 B - a ring of magical power (left hand)
 H - the ring "Jylollarch" {rElec rF- Will+ Str+4 Stlth+}
   (You found it on level 8 of the Dungeon)

   [ring of stealth]

   It affects your strength (+4).
   It makes you vulnerable to fire.
   It insulates you from electricity.
   It affects your willpower, your defense against some magical effects.
   It makes you more stealthy.
 I - an uncursed ring of ice
 L - an amulet of magic regeneration (around neck)
 N - an uncursed ring of protection from cold
 Q - the ring "Mytejollo" (right hand) {Wiz +Fly rElec rPois Dex-2}
   (You found it on level 11 of the Dungeon)

   [ring of wizardry]

   It improves your spell success rate.
   It affects your dexterity (-2).
   It insulates you from electricity.
   It protects you from poison.
   It lets you fly.
Wands
 u - a wand of disintegration (32)
 v - a wand of flame (30)
 w - a wand of digging (2)
Scrolls
 d - a scroll of enchant weapon {unknown}
 h - a scroll of enchant armour {unknown}
 k - 3 scrolls of teleportation {unknown}
 l - 5 scrolls of fear {unknown}
 n - 5 scrolls of remove curse {unknown}
 q - 2 scrolls of random uselessness {unknown}
 r - 5 scrolls of identify {unknown}
 x - 4 scrolls of blinking {unknown}
 y - a scroll of fog {unknown}
 D - 4 scrolls of amnesia {unknown}
 E - a scroll of summoning {unknown}
 F - a scroll of torment {unknown}
 G - 2 scrolls of magic mapping
Potions
 a - a potion of haste {unknown}
 b - 9 potions of curing
 f - 2 potions of lignification {unknown}
 g - 2 potions of ambrosia {unknown}
 i - 4 potions of heal wounds {unknown}
 p - 4 potions of mutation {unknown}
 A - a potion of flight {unknown}
 J - a potion of resistance {unknown}
 K - a potion of brilliance {unknown}


   Skills:
 - Level 4.0 Fighting
 - Level 3.0 Armour
 - Level 3.0 Dodging
 - Level 4.1 Stealth
 + Level 3.1 Shields
 * Level 14.5 Spellcasting
 + Level 8.8 Conjurations
 - Level 1.1 Summonings
 - Level 1.1 Translocations
 + Level 7.8 Fire Magic
 - Level 2.0 Air Magic
 - Level 1.0 Poison Magic
 - Level 1.0 Evocations


You had 26 spell levels left.
You knew the following spells:

 Your Spells              Type           Power        Failure   Level
a - Magic Dart            Conj           100%         1%          1
b - Mephitic Cloud        Conj/Pois/Air  34%          1%          3
c - Call Imp              Summ           21%          1%          2
d - Blink                 Tloc           N/A          1%          2
e - Conjure Flame         Conj/Fire      53%          1%          3
f - Foxfire               Conj/Fire      100%         1%          1
g - Shock                 Conj/Air       100%         1%          1

Your spell library contained the following spells:

 Spells                   Type           Power        Failure   Level
 Slow                     Hex            16%          3%          2


Dungeon Overview and Level Annotations

Branches:
Dungeon (11/15)            Temple (1/1) D:5            Lair (0/6) D:10
    Orc (0/2) D:9

Altars:
Ashenzari
Cheibriados
Dithmenos
Elyvilon
Fedhas
Gozag
Hepliaklqana
Kikubaaqudgha
Makhleb
Nemelex Xobeh
Okawaru
Qazlal
Ru
Sif Muna
Trog
Uskayaw
Vehumet
Wu Jian
Xom
Yredelemnul
Zin
The Shining One

Shops:
D:4 (   D:8 *

Annotations:
D:1 Loot behind grate


Message History

You hit the orc priest.
You kill the orc priest!
Vehumet accepts your kill.
You now have 521 gold pieces (gained 15).
Things that are here:
a +1 dagger of pain; an orc corpse You see here 19 stones.
You now have 528 gold pieces (gained 7).
Found a potion of degeneration and 16 stones.
A cyclops comes into view.
The cyclops shouts!
The cyclops throws a large rock.
The large rock hits you!!!
Ouch! That really hurt!
You see here a large rock.
Casting: Mephitic Cloud (safe; 1% risk of failure)
Confirm with . or Enter, or press ? or * to list all spells.
You can't see any susceptible monsters within range! (Use Z to cast anyway.)
The cyclops throws a large rock.
The large rock hits you!!!
Ouch! That really hurt!
You die...

### ##C## ... ... #.#
##### #.# ##### #..!#
#@# #...# #..## #(#
##..# #(#.## #.# ##.#(#
####.###.###.####
##.......## #.8...<.#
#..######.......######..
............⌠...........
#..######.......######..


You could see a cyclops.

Vanquished Creatures
  4 two-headed ogres
  The ghost of qqq123 the Chopper, a novice GrFi of Okawaru (D:7)
  A moth of wrath (D:5)
  A troll (D:10)
  Grinder (D:3)
  A hornet (D:9)
  2 wraiths (D:10)
  3 wyverns (D:10)
  A basilisk (D:10)
  Menkaure (D:6)
  Edmund (D:4)
  5 water moccasins (D:10)
  3 black bears
  A sky beast (D:10)
  3 ice beasts
  2 orc warriors
  2 phantoms
  6 ogres
  2 wolves (D:10)
  4 centaurs
  Blork the orc (D:4)
  7 bullfrogs
  A water moccasin zombie (D:8)
  A wyvern skeleton (D:7)
  A scorpion (D:4)
  A water moccasin skeleton (D:6)
  3 killer bees (D:10)
  4 wights (D:9)
  5 howler monkeys
  2 jellies
  2 orc priests
  6 hounds
  4 iguanas
  A bullfrog skeleton (D:5)
  2 centaur skeletons
  Natasha (thrice) (D:4)
  10 orc wizards
  10 worker ants
  A hound skeleton (D:5)
  2 hound zombies
  A worker ant zombie (D:9)
  3 gnolls (D:5)
  7 adders
  A shadow imp (D:8)
  4 white imps
  2 oozes
  5 worms
  A dart slug (D:2)
  4 leopard geckos
  26 orcs
  7 bats
  6 giant cockroaches
  8 goblins
  9 hobgoblins
  14 jackals
  8 kobolds
  3 quokkas
  4 frilled lizards
  A quokka skeleton (D:5)
  9 rats
235 creatures vanquished.

Vanquished Creatures (collateral kills)
  A water moccasin (D:10)
  A centaur (D:10)
  A wight (D:9)
  Crazy Yiuf (D:3)
4 creatures vanquished.

Vanquished Creatures (others)
  A giant cockroach (D:4)
  6 foxfires (D:10)
  A fungus (D:10)
  6 plants (D:10)
  2 withered plants (D:7)
16 creatures vanquished.

Grand Total: 255 creatures vanquished

Notes
Turn   | Place    | Note
-------+----------+-------------------------------------------
     0 | D:1      | pokeman the Deep Elf Hedge Wizard began the quest for the
                  | Orb.
     0 | D:1      | Reached XP level 1. HP: 10/10 MP: 7/7
   207 | D:1      | Reached XP level 2. HP: 15/15 MP: 5/9
   703 | D:1      | Reached skill level 5 in Spellcasting
  1150 | D:2      | Reached XP level 3. HP: 20/20 MP: 2/11
  1154 | D:2      | Learned a level 3 spell: Mephitic Cloud
  1157 | D:2      | Learned a level 2 spell: Call Imp
  1160 | D:2      | Learned a level 2 spell: Blink
  1164 | D:2      | Learned a level 3 spell: Conjure Flame
  1514 | D:2      | Found a sparkling altar of Nemelex Xobeh.
  1669 | D:2      | Reached skill level 1 in Armour
  1749 | D:2      | Found a glowing golden altar of the Shining One.
  2050 | D:2      | Reached skill level 1 in Fighting
  2186 | D:2      | Found a glowing silver altar of Zin.
  2409 | D:3      | Reached XP level 4. HP: 23/25 MP: 0/13
  2554 | D:3      | Reached skill level 1 in Fire Magic
  2617 | D:3      | Found a white marble altar of Elyvilon.
  3001 | D:3      | Reached skill level 6 in Spellcasting
  3042 | D:3      | Reached XP level 5. HP: 29/29 MP: 7/15
  3108 | D:3      | Found a sacrificial altar of Ru.
  3557 | D:3      | Found a runed translucent door.
  3558 | D:3      | Noticed Crazy Yiuf
  3588 | D:3      | Killed Crazy Yiuf
  3589 | D:3      | Reached skill level 1 in Air Magic
  3899 | D:3      | Noticed Grinder
  4027 | D:3      | Paralysed by Grinder for 7 turns
  4062 | D:3      | Paralysed by Grinder for 2 turns
  4259 | D:3      | Paralysed by Grinder for 3 turns
  4271 | D:3      | Killed Grinder
  4272 | D:3      | Reached skill level 7 in Spellcasting
  4272 | D:3      | Reached XP level 6. HP: 26/34 MP: 10/18
  4561 | D:4      | Noticed Natasha
  4567 | D:4      | Killed Natasha
  4594 | D:4      | Noticed Edmund
  4612 | D:4      | Killed Edmund
  4613 | D:4      | Reached skill level 1 in Poison Magic
  4613 | D:4      | Reached XP level 7. HP: 36/38 MP: 14/20
  4650 | D:4      | Found Jucozum's Antique Weapon Shoppe.
  4713 | D:4      | Noticed Natasha
  4719 | D:4      | Killed Natasha
  4721 | D:4      | Noticed Blork the orc
  4731 | D:4      | Killed Blork the orc
  4734 | D:4      | Reached skill level 8 in Spellcasting
  4734 | D:4      | Reached skill level 1 in Evocations
  4735 | D:4      | Noticed Natasha
  4745 | D:4      | Killed Natasha
  5433 | D:5      | Entered Level 5 of the Dungeon
  5969 | D:5      | Reached XP level 8. HP: 44/44 MP: 19/22
  6148 | D:5      | Reached skill level 9 in Spellcasting
  6148 | D:5      | Noticed a moth of wrath
  6154 | D:5      | Found a bloodstained altar of Trog.
  6592 | D:5      | Found a staircase to the Ecumenical Temple.
  6610 | D:5      | Found an ancient bone altar of Kikubaaqudgha.
  6669 | D:5      | Killed a moth of wrath
  6670 | D:5      | Reached skill level 5 in Conjurations
  6817 | D:6      | Reached skill level 10 in Spellcasting
  7173 | D:6      | Reached XP level 9. HP: 40/48 MP: 11/25
  7282 | Temple   | Entered the Ecumenical Temple
  7649 | D:6      | Noticed Menkaure
  7664 | D:6      | Killed Menkaure
  7900 | D:6      | Found a snail-covered altar of Cheibriados.
  8039 | D:6      | Reached skill level 11 in Spellcasting
  8685 | D:7      | Found an ornate altar of the Wu Jian Council.
  9029 | D:7      | Found a runed translucent door.
  9031 | D:7      | Noticed qqq123's ghost (novice GrFi)
  9553 | D:7      | Killed qqq123's ghost
  9554 | D:7      | Reached skill level 5 in Fire Magic
 10027 | D:8      | Found Henulaopt's General Store.
 10189 | D:8      | Bought a scroll of magic mapping for 49 gold pieces
 10189 | D:8      | Bought a potion of degeneration for 14 gold pieces
 10239 | D:8      | Got a clouded brass ring
 10240 | D:8      | Identified the ring "Jylollarch" {rElec rF- Will+ Str+4
                  | Stlth+} (You found it on level 8 of the Dungeon)
 10304 | D:8      | Noticed a two-headed ogre
 10348 | D:8      | Reached skill level 12 in Spellcasting
 10446 | D:8      | Noticed a two-headed ogre
 10502 | D:8      | Killed a two-headed ogre
 10503 | D:8      | Reached XP level 10. HP: 52/56 MP: 28/28
 10533 | D:8      | Killed a two-headed ogre
 11151 | D:8      | Found a burning altar of Makhleb.
 11160 | D:8      | Found a basalt altar of Yredelemnul.
 11164 | D:8      | Found a radiant altar of Vehumet.
 11172 | D:8      | Became a worshipper of Vehumet
 11227 | D:8      | Found a broken altar of Ashenzari.
 11229 | D:8      | Found a hide-covered altar of Uskayaw.
 11229 | D:8      | Found a shadowy altar of Dithmenos.
 11231 | D:8      | Found a stormy altar of Qazlal.
 11231 | D:8      | Found a shimmering altar of Xom.
 11231 | D:8      | Found a glowing silver altar of Zin.
 11482 | D:9      | Found a staircase to the Orcish Mines.
 12075 | D:9      | Reached skill level 13 in Spellcasting
 12169 | D:9      | Noticed a two-headed ogre
 12178 | D:9      | Killed a two-headed ogre
 12179 | D:9      | Reached skill level 1 in Shields
 12558 | D:10     | Entered Level 10 of the Dungeon
 12639 | D:10     | Reached * piety under Vehumet
 12639 | D:10     | Offered knowledge of Shock by Vehumet.
 12642 | D:10     | Learned a level 1 spell: Shock
 12874 | D:10     | Reached skill level 14 in Spellcasting
 12891 | D:10     | Reached XP level 11. HP: 37/61 MP: 31/31
 13017 | D:10     | Found a staircase to the Lair.
 13159 | D:10     | Noticed a two-headed ogre
 13178 | D:10     | Killed a two-headed ogre
 13271 | D:10     | Offered knowledge of Foxfire by Vehumet.
 13271 | D:10     | Reached ** piety under Vehumet
 13274 | D:10     | Learned a level 1 spell: Foxfire
 13854 | D:11     | Got a brightly glowing granite ring
 13856 | D:11     | Identified the ring "Mytejollo" {Wiz +Fly rElec rPois
                  | Dex-2} (You found it on level 11 of the Dungeon)
 13902 | D:11     | Hit by a large rock thrown by a cyclops

Illustrated notes

Levels and vault maps discovered:
D:1:      dpeg_arrival_round_b, layout_basic
D:2:      layout_loops_ring, lemuel_doored_altar, zin_scriptorium,
          overflow_temple_1_default
D:3:      layout_loops_corners, elyvilon_altar_1,
          nicolae_ru_great_annihilating_truth, uniq_crazy_yiuf_cottage,
          uniq_grinder
D:4:      layout_loops_ring, minmay_shop_grid_forest, uniq_blork_the_orc,
          uniq_edmund, uniq_natasha
D:5:      layout_loops_ring, general_overflow_altar, tgw_trog,
          minmay_temple_entry_from_below_a
D:6:      layout_cave_pools, old_standard_altar, uniq_menkaure
D:7:      layout_basic, old_standard_altar, gammafunk_ghost_grave
D:8:      layout_gridville, doesnt_xom_only_xom,
          minmay_overflow_temple_star_quad, serial_shops, shop,
          minmay_misc_feat_ornament
D:9:      layout_cave_pools, orc_0_dummy, kennysheep_generic_room_3
D:10:     layout_rooms, minmay_lair_entry_grove, serial_co_window_serial,
          co_window_corner_a, co_window_paths_b, co_window_paths_b,
          co_window_paths_a, co_window_corner_a, co_window_corner_b,
          co_window_cross_4, co_window_corner_ca, co_window_broadway_c,
          co_window_corner_ca, glass_columns_a, glass_columns_b
D:11:     minmay_inside_and_out, layout_rooms, basic_altar, minmay_rotating_lava
Temple:   compressed_dpeg_triangle_lava_temple

Skill      XL: |  1  2  3  4  5  6  7  8  9 10 11 |
---------------+----------------------------------+-----
Spellcasting   | 5 6 7 8 10 12 14 | 14.5
Armour         | 1 2 3 |  3.0
Fighting       | 1 2 3 4 |  4.0
Conjurations   | 2 3 4 5 7 8 |  8.8
Fire Magic     | 1 2 4 5 7 |  7.8
Dodging        | 3 |  3.0
Stealth        | 3 4 |  4.1
Air Magic      | 1 2 |  2.0
Poison Magic   | 1 |  1.0
Evocations     | 1 |  1.0
Shields        | 2 3 |  3.1
Summonings     | |  1.1
Translocations | |  1.1

Action                   |  1- 3 |  4- 6 |  7- 9 | 10-12 || total
-------------------------+-------+-------+-------+-------++-------
Melee: Dagger            |     3 |     1 |       |       ||     4
       Quarterstaff      |       |    13 |    24 |       ||    37
       Trident           |       |       |    66 |   148 ||   214
 Cast: Magic Dart        |   130 |   114 |   240 |   111 ||   595
       Call Imp          |       |     5 |    10 |    15 ||    30
       Mephitic Cloud    |       |     3 |    22 |    34 ||    59
       Conjure Flame     |       |     2 |    22 |    26 ||    50
       Shock             |       |       |       |    28 ||    28
       Blink             |       |       |       |     4 ||     4
       Foxfire           |       |       |       |     4 ||     4
Evoke: Wand              |       |       |     6 |       ||     6
 Stab: Confused          |       |     1 |    10 |    13 ||    24
       Sleeping          |       |       |       |     1 ||     1
Armor: Leather armour    |     5 |     5 |    29 |    37 ||    76
Dodge: Dodged            |    14 |    11 |    57 |    78 ||   160
